 Dungeon Crawl Stone Soup version 0.29.0-4-gdea44cf6ec (webtiles) character file.

Game seed: 15063153133287960210

15 qw the Sneak (level 2, -1/14 HPs)
             Began as a Felid Delver on Aug 27, 2022.
             Was an Initiate of Okawaru.
             Slain by a phantom (5 damage)
             ... on level 5 of the Dungeon.
             The game lasted 00:00:05 (909 turns).

qw the Sneak (Felid Delver)                          Turns: 909, Time: 00:00:05

Health: -1/14      AC:  1    Str:  8    XL:     2   Next: 34%
Magic:  3/3        EV: 17    Int: 11    God:    Okawaru [......]
Gold:   20         SH:  0    Dex: 17    Spells: 1/1 levels left
                                        Lives:  0   Deaths: 0

rFire   . . .      SeeInvis +     - Unarmed
rCold   . . .      Faith    .   (shield unavailable)
rNeg    . . .      Spirit   .   (body armour unavailable)
rPois   .          Reflect  .   (helmet unavailable)
rElec   .          Harm     .   (cloak unavailable)
rCorr   .          Rampage  .   (gloves unavailable)
Will    .....                   (boots unavailable)
Stlth   +++.......              (no amulet)
HPRegen 0.04/turn               (no ring)
MPRegen 0.08/turn               (no ring)

@: quick
A: very small, claws 1, fangs 3, see invisible, speed 1, shaggy fur 1, stealthy
paws, no weapons or thrown items, no armour, multi-lived
a: Renounce Religion


You were on level 5 of the Dungeon.
You worshipped Okawaru.
Okawaru was noncommittal.
You visited 2 branches of the dungeon, and saw 3 of its levels.

You collected 20 gold pieces.


Innate Abilities, Weirdness & Mutations

You have sharp claws.
You have razor-sharp teeth.
You have supernaturally acute eyesight. (SInv)
You cover ground quickly. (Speed+)
You are covered in fur. (AC +1)
Your paws help you pounce on unaware monsters.
You are incapable of wielding weapons or throwing items.
You cannot wear armour.
You gain extra lives every three experience levels.


   Skills:
 - Level 3.0 Fighting
 + Level 2.6 Dodging
 - Level 6.6 Stealth
 - Level 3.0 Unarmed Combat


You had one spell level left.
You didn't know any spells.
Your spell library was empty.

Inventory:

Wands
 e - a wand of digging (3)
Potions
 a - a potion of berserk rage {unknown}
 d - a potion of haste

Dungeon Overview and Level Annotations

Branches:
Dungeon (5/15)             Temple (1/1) D:4

Altars:
Ashenzari
Cheibriados
Dithmenos
Elyvilon
Fedhas
Gozag
Hepliaklqana
Kikubaaqudgha
Makhleb
Nemelex Xobeh
Okawaru
Qazlal
Sif Muna
Trog
Uskayaw
Vehumet
Wu Jian
Xom
Yredelemnul
Zin
The Shining One


Message History

a - a fuming black potion A phantom comes into view.
Enter note: You scratch the phantom but do no damage.
Your bite misses the phantom. The phantom misses you.
You scratch the phantom. You bite the phantom.
The phantom is lightly damaged.
The phantom hits you.
You scratch the phantom. You bite the phantom.
The phantom is moderately damaged.
The phantom closely misses you.
You barely miss the phantom.
The phantom is moderately damaged.
You scratch the phantom.
The phantom is moderately damaged.
The phantom hits you.
The phantom blinks!
You blink.
You scratch the phantom but do no damage.
Your bite misses the phantom.
The phantom is moderately damaged.
The phantom misses you.
You miss the phantom.
The phantom is moderately damaged.
The phantom barely misses you.
You closely miss the phantom.
The phantom is moderately damaged.
The phantom barely misses you.
You scratch the phantom but do no damage.
The phantom is moderately damaged.
The phantom hits you.
The phantom blinks!
You blink.
You scratch the phantom. Your bite misses the phantom.
The phantom is heavily damaged.
The phantom hits you.
You closely miss the phantom.
The phantom is heavily damaged.
The phantom barely misses you.
You barely miss the phantom.
The phantom is heavily damaged.
The phantom hits you.
You die...

### ##.# ##..#
##..#####
#.......###
##.........##
##.#......W..#
##..#.....@...##
#..##..........#
##.##...ยค.......#
##.###............#
##..#
#.............#
##..##
#.............#
###..##
#............##
.....#
#.........####
[....# ##...######


You could see a phantom.

Vanquished Creatures
  An adder (D:4)
  A worm (D:4)
  A ball python (D:4)
  A hobgoblin (D:4)
4 creatures vanquished.

Notes
Turn   | Place    | Note
-------+----------+-------------------------------------------
     0 | D:5      | qw the Felid Delver began the quest for the Orb.
     0 | D:5      | Reached XP level 1. HP: 10/10 MP: 2/2
     0 | D:5      | 0 ||| qw: Version: 0.1-a-89-g26bdef1
     0 | D:5      | 0 ||| qw: Game counter: 3
     0 | D:5      | 0 ||| qw: Always use a shield: true
     0 | D:5      | 0 ||| qw: God list: Okawaru, Trog
     0 | D:5      | 0 ||| qw: Allow faded altars: false
     0 | D:5      | 0 ||| qw: Do Orc after D:15 true
     0 | D:5      | 0 ||| qw: Do second Lair branch before Depths: true
     0 | D:5      | 0 ||| qw: Lair rune preference: random
     0 | D:5      | 0 ||| qw: Plans: Normal
     0 | D:5      | 0 ||| PLANNING D:1-11
     0 | D:5      | 0 ||| DROPPING scroll of fog.
     1 | D:5      | 1 ||| DROPPING scroll of magic mapping.
     2 | D:5      | 2 ||| DROPPING scroll of fear.
    20 | D:4      | Found a staircase to the Ecumenical Temple.
    21 | D:4      | 21 ||| PLANNING TEMPLE
    25 | Temple   | Entered the Ecumenical Temple
    36 | Temple   | Became a worshipper of Warmaster Okawaru
   259 | Temple   | 259 ||| PLANNING D:1-11
   319 | D:4      | Reached XP level 2. HP: 14/14 MP: 3/3
   516 | D:4      | HP: 1/14 [worm (9)]
   518 | D:4      | Reached skill level 3 in Unarmed Combat
   851 | D:4      | You fall into a shaft and drop 1 floor!
   851 | D:5      | 851 ||| RIP OSSUARY
   891 | D:5      | Noticed a phantom
   909 | D:5      | Slain by a phantom

Levels and vault maps discovered:
D:4:      layout_gridville, minmay_temple_entry_arrows, serial_bayou_pond_a
D:5:      layout_cave_pods, nicolae_ru_sacrificial_ziggurat,
          gup_ossuary_entry_pyramid, uniq_ijyb
Temple:   regret_index_temple_sigil_plot

Skill      XL: |  1  2 |
---------------+-------+-----
Unarmed Combat | 3 |  3.0
Fighting       | |  3.0
Dodging        | |  2.6
Stealth        | |  6.6

Action                   || total
-------------------------++-------
Melee: Unarmed           ||    22
       Bite              ||     3
 Stab: Sleeping          ||     1
Dodge: Dodged            ||     8

Table legend:
 A = Non-vault XP
 B = Vault XP
 C = Vault XP percentage of total XP
 D = Non-vault monster count
 E = Vault monster count
 F = Vault count percentage of total count
                 A         B        C        D         E       F
            +---------+---------+-------+---------+---------+-------
      Total |      22 |       0 |   0.0 |       4 |       0 |   0.0
            +---------+---------+-------+---------+---------+-------
        D:4 |      22 |       0 |   0.0 |       4 |       0 |   0.0
            +---------+---------+-------+---------+---------+-------
